 Dungeon Crawl Stone Soup version 0.19.1 (webtiles) character file.

124 Miant the Skirmisher (level 4, -3/38 HPs)
             Began as a Demonspawn Chaos Knight on Dec 26, 2016.
             Slain by Grinder (5 damage)
             ... on level 3 of the Dungeon.
             The game lasted 00:17:19 (1966 turns).

Miant the Skirmisher (Demonspawn Chaos Knight)      Turns: 1966, Time: 00:17:21

Health: -3/38      AC:  9    Str: 13 (14) XL:     4   Next: 81%
Magic:  0/4        EV:  8    Int: 11 (13) God:    Xom [*.....]
Gold:   66         SH:  6    Dex:  9 (12) Spells: 0 memorised, 3 levels left

rFire  . . .     SeeInvis .     a - +0 hand axe (chaos)
rCold  . . .     Gourm    +     b - +2 leather armour
rNeg   . . .     Faith    .     w - +0 shield
rPois  .         Spirit   +     t - +0 helmet
rElec  .         Reflect  .     g - +2 cloak
rCorr  .         Harm     .     (no gloves)
MR     .....                    (no boots)
Stlth  ++........               h - amulet of the gourmand
                                (no ring)
                                e - ring of stealth

@: no status effects
A: talons 2, magic shield
a: Renounce Religion


You were on level 3 of the Dungeon.
You worshipped Xom.
You were a special plaything of Xom.
You were completely stuffed.

You visited 1 branch of the dungeon, and saw 3 of its levels.

You collected 66 gold pieces.

Inventory:

Hand Weapons
 a - a +0 hand axe of chaos (weapon)
Armour
 b - a +2 leather armour (worn)
 g - a +2 cloak (worn)
 s - a +0 animal skin
 t - a +0 helmet (worn)
 w - a +0 shield (worn)
Jewellery
 e - a ring of stealth (left hand)
 h - an amulet of the gourmand (around neck)
 m - an uncursed amulet of rage
 q - an uncursed amulet of guardian spirit
Scrolls
 d - 2 scrolls of remove curse
 i - 2 scrolls of teleportation
 k - a scroll of recharging {unknown}
 l - a scroll of random uselessness {unknown}
 n - a scroll of magic mapping {unknown}
 r - 2 scrolls of identify {unknown}
 x - a scroll of amnesia {unknown}
Potions
 o - 3 potions of lignification
 p - a potion of haste
Books
 v - a book of Changes

   Spells                             Type                      Level
   a - Beastly Appendage              Transmutation                1
   b - Sticks to Snakes               Transmutation                2
   c - Spider Form                    Transmutation/Poison         3
   d - Ice Form                       Ice/Transmutation            4
   e - Blade Hands                    Transmutation                5
Comestibles
 c - 3 bread rations
 u - 2 chunks of flesh


   Skills:
 + Level 4.4 Fighting
 * Level 3.2 Axes
 + Level 2.3 Armour
 - Level 0.8 Dodging
 + Level 1.6 Stealth
 - Level 0.3 Unarmed Combat


You had 3 spell levels left.
You didn't know any spells.

Dungeon Overview and Level Annotations

Branches:
Dungeon (3/15)

Altars:

Annotations:
D:3 Grinder


Innate Abilities, Weirdness & Mutations

You have razor-sharp toenails.
When hurt, damage is shared between your health and your magic reserves.


Message History

The ooze hits you.
* * * LOW HITPOINT WARNING * * *
The hobgoblin closely misses you.
Your shield prevents you from hitting the giant cockroach.
Your kick misses the giant cockroach.
The giant cockroach is heavily wounded.
You hit the hobgoblin. You burn the hobgoblin.
You kill the hobgoblin!
Your shield prevents you from hitting the ooze.
The ooze completely misses you. You block the giant cockroach's attack.
The ooze hits you.
* * * LOW HITPOINT WARNING * * *
You block the giant cockroach's attack.
You barely miss the giant cockroach. You claw the giant cockroach.
The giant cockroach is severely wounded.
You hit the ooze.
The ooze seems to speed up.
The ooze hits you but does no damage. The giant cockroach closely misses you.
The ooze hits you but does no damage. Grinder hits you.
You die...
Xom is highly amused!

.... ..g# #
.l.# ≈ .# .l.#
≈≈ ####.## ...#
.§≈### ......#
...+
..$'.###......#
...+
...'..........#
...#
#..sJ/.....#
#..)@5.%...#
#..).####.(.
##....# #.....#
#.....# #.....#
#######


You could see Grinder, an ooze (berserk) and a giant cockroach.

Vanquished Creatures
  Ijyb (D:3)
  Robin (D:2)
  2 adders (D:2)
  An ooze (D:1)
  A worm (D:2)
  A dart slug (D:1)
  3 leopard geckos
  3 bats
  16 goblins
  6 hobgoblins
  3 jackals (D:2)
  A quokka (D:2)
  3 frilled lizards
  6 kobolds
  6 rats
54 creatures vanquished.

Vanquished Creatures (collateral kills)
  A leopard gecko (D:1)
1 creature vanquished.

Grand Total: 55 creatures vanquished

Notes
Turn   | Place    | Note
-------+----------+-------------------------------------------
     0 | D:1      | Miant the Demonspawn Chaos Knight began the quest for the Orb.
     0 | D:1      | Reached XP level 1. HP: 18/18 MP: 1/1
   219 | D:1      | Gained mutation: When hurt, damage is shared between your health and your magic reserves. [demonic ancestry]
   219 | D:1      | Reached XP level 2. HP: 22/24 MP: 2/2
   471 | D:1      | XOM: harmless Erth miscast
   660 | D:1      | XOM: divination: magic mapping
  1060 | D:1      | Gained mutation: You have sharp toenails. [demonic ancestry]
  1060 | D:1      | Reached XP level 3. HP: 30/30 MP: 3/3
  1297 | D:2      | XOM: cast spell 'Ice Form'
  1376 | D:2      | Reached skill level 1 in Stealth
  1601 | D:2      | Reached skill level 4 in Fighting
  1664 | D:2      | Noticed Robin
  1687 | D:2      | Killed Robin
  1687 | D:2      | Gained mutation: You have razor-sharp toenails. [demonic ancestry]
  1687 | D:2      | Reached XP level 4. HP: 34/37 MP: 4/4
  1932 | D:3      | XOM: 3-stop teleportation journey
  1933 | D:3      | Noticed Ijyb
  1934 | D:3      | Noticed Grinder
  1943 | D:3      | Killed Ijyb
  1965 | D:3      | HP: 1/38 [ooze (3)]
  1966 | D:3      | Slain by Grinder

Skill      XL: |  1  2  3  4 |
---------------+-------------+-----
Armour         | 2 |  2.3
Stealth        | 1 |  1.6
Fighting       | 4 |  4.4
Axes           | 3 |  3.2
Dodging        | |  0.8
Unarmed Combat | |  0.3

Action                   |  1- 3 |  4- 6 || total
-------------------------+-------+-------++-------
Melee: Hand axe          |   110 |    52 ||   162
       Kick              |    14 |     7 ||    21
       Unarmed           |     6 |       ||     6
  Use: Potion            |       |     3 ||     3
       Scroll            |       |     2 ||     2
 Stab: Petrified         |     5 |       ||     5
       Petrifying        |     1 |       ||     1
       Paralysed         |     1 |       ||     1
  Eat: Chunk             |    14 |     4 ||    18
Armor: Leather armour    |    87 |    18 ||   105
       Skin              |     3 |    28 ||    31
Dodge: Dodged            |    94 |    31 ||   125
Block: Shield            |       |    15 ||    15
